 Dungeon Crawl Stone Soup version 0.28-a0-1447-ga5a8893891 (webtiles) character file.

Game seed: 4572173952309569172

46 derath95 the Skirmisher (level 3, -11/29 HPs)
             Began as a Demonspawn Fighter on Jan 11, 2022.
             Was a Follower of Cheibriados.
             Killed by divine providence
             ... invoked by an orc priest
              (13 damage)
             ... on level 2 of the Dungeon.
             The game lasted 00:06:13 (1581 turns).

derath95 the Skirmisher (Demonspawn Fighter)        Turns: 1581, Time: 00:06:13

Health: -11/29     AC:  7    Str: 21    XL:     3   Next: 44%
Magic:  3/3        EV:  9    Int: 12    God:    Cheibriados [*.....]
Gold:   54         SH:  5    Dex: 15    Spells: 2/2 levels left

rFire   . . .      SeeInvis .   a - +0 war axe
rCold   . . .      Faith    .   c - +0 buckler
rNeg    . . .      Spirit   .   b - +0 scale mail
rPois   .          Reflect  .   (helmet restricted)
rElec   .          Harm     .   e - +0 cloak
rCorr   .          Rampage  .   (no gloves)
Will    +....                   (no boots)
Stlth   ..........              (no amulet)
HPRegen 0.09/turn               j - ring of willpower
MPRegen 0.08/turn               (no ring)

@: very slow
A: horns 1, demonic guardian 1
a: Renounce Religion, Bend Time


You were on level 2 of the Dungeon.
You worshipped Cheibriados.
Cheibriados was aware of your devotion.
You visited 1 branch of the dungeon, and saw 2 of its levels.

You collected 54 gold pieces.

Inventory:

Hand Weapons
 a - a +0 war axe (weapon)
Armour
 b - a +0 scale mail (worn)
 c - a +0 buckler (worn)
 e - a +0 cloak (worn)
Jewellery
 j - a ring of willpower (left hand)
Scrolls
 f - 2 scrolls of identify {unknown}
 g - a scroll of enchant weapon {unknown}
 i - a scroll of immolation {unknown}
Potions
 d - a potion of might
 h - a potion of invisibility {unknown}


   Skills:
 + Level 3.3 Fighting
 + Level 2.3 Axes
 + Level 0.2(1.4) Maces & Flails
 + Level 3.0 Armour
 + Level 3.0 Shields
 + Level 0.2 Spellcasting


You had 2 spell levels left.
You didn't know any spells.
Your spell library was empty.

Dungeon Overview and Level Annotations

Branches:
Dungeon (2/15)

Altars:
Cheibriados

Shops:
D:1 :


Innate Abilities, Weirdness & Mutations

You have a pair of small horns on your head.
A weak demonic guardian rushes to your aid.


Message History

The ball python completely misses you. The ball python constricts you.
A demonic guardian appears!
You barely miss the ball python.
The ball python is heavily wounded.
The ball python barely misses you. The ball python constricts you.
The ball python bites you but does no damage.
The ball python constricts you.
You slash the ball python!
You kill the ball python!
Cheibriados appreciates the change of pace.
You swap places.
Found a robe. 3 orcs come into view.
The orc shouts! x3; You hear a shout!
Your white imp disappears in a puff of smoke!
An orc priest comes into view. It is wielding a +0 dagger.
The orc throws a boomerang.
You block the boomerang.
An orc priest comes into view. It is wielding a +0 hand axe.
The orc moves out of view.
You see here a book of Touch.
The orc priest mumbles some strange prayers to Beogh against you.
Beogh smites you!
A demonic guardian appears!
The orc priest looks encouraged for a moment.
Found 12 gold pieces.
The orc hits your iron imp with a +0 flail.
Your iron imp closely misses the orc.
The orc hits your iron imp but does no damage.
Your iron imp closely misses the orc.
The orc hits your iron imp with a +0 dagger.
The orc barely misses your iron imp.
The orc priest calls down the wrath of Beogh upon you.
Beogh smites you!
* * * LOW HITPOINT WARNING * * *
A demonic guardian appears!
The orc hits your iron imp with a +0 dagger.
The orc hits your iron imp with a +0 flail.
Your iron imp barely misses the orc.
The orc priest calls down the wrath of Beogh upon you.
Beogh smites you!
You die...

#######.......#
#######.............#
........#####.......#
######### #.......#
#############.......#
..<.......[..#####.#.
.....................
..#..........#######.
..#..........oo5@5.#
.............:o###.......
..#.........o#.# ##.....
..#.............. #..$
..# #.#...o..o#..# .. ###
.#....... .... .
#..#.......#..#..
#..#....o.. ....#.
#..#.o.... .#..


You could see an orc priest, 3 orcs and 2 friendly iron imps.

Vanquished Creatures
  2 dart slugs
  4 bats
  5 endoplasms
  7 goblins
  3 hobgoblins
  5 kobolds
  3 quokkas (D:1)
  3 ball pythons
  3 frilled lizards (D:1)
  A rat (D:1)
36 creatures vanquished.

Vanquished Creatures (others)
  4 plants (D:1)
  11 withered plants (D:1)
15 creatures vanquished.

Grand Total: 51 creatures vanquished

Notes
Turn   | Place    | Note
-------+----------+-------------------------------------------
     0 | D:1      | derath95 the Demonspawn Fighter began the quest for the
                  | Orb.
     0 | D:1      | Reached XP level 1. HP: 18/18 MP: 1/1
   324 | D:1      | Found Defa Hungoe's Book Emporium.
   394 | D:1      | You fall into a shaft and drop 1 floor!
   398 | D:2      | Gained mutation: You have a pair of small horns on your
                  | head. [demonic ancestry]
   398 | D:2      | Reached XP level 2. HP: 24/24 MP: 2/2
   691 | D:1      | Found a faded altar of an unknown god.
   706 | D:1      | Gained mutation: A weak demonic guardian rushes to your
                  | aid. [demonic ancestry]
   706 | D:1      | Reached XP level 3. HP: 27/29 MP: 3/3
   709 | D:1      | Prayed at the altar of an unknown god.
   709 | D:1      | Became a worshipper of Cheibriados the Contemplative
   709 | D:1      | Reached * piety under Cheibriados
  1581 | D:2      | Killed from afar by an orc priest

Illustrated notes

Levels and vault maps discovered:
D:1:      dpeg_arrival_castle, layout_loops_ring, serial_shops,
          nicolae_shop_statue_plus, shapermc_ecumenical_altar_flowoftime,
          minmay_misc_feat_diagonals
D:2:      cheibrodos_pilgrimage, layout_rooms, minmay_3d_cube

Skill      XL: |  1  2 |
---------------+-------+-----
Axes           | 2 |  2.3
Armour         | 3 |  3.0
Shields        | 3 |  3.0
Fighting       | |  3.3
Maces & Flails | |  0.2
Spellcasting   | |  0.2

Action                   || total
-------------------------++-------
Melee: War axe           ||   100
       Headbutt          ||    11
Armor: Scale mail        ||    39
Dodge: Dodged            ||    48
Block: Buckler           ||    21

Table legend: (Time is in decaauts)
 A = Elapsed time spent in this place.
 B = Non-inter-level travel time spent in this place.
 C = Inter-level travel time spent in this place.
 D = Time resting spent in this place.
 E = Time spent auto-exploring this place.
 F = Levels seen in this place.
 G = Mean time per level.
                   A        B        C        D        E       F      G
               +--------+--------+--------+--------+--------+-----+--------+
         Total |   1847 |   1797 |     50 |      0 |   1311 |   2 |  923.5 |
       Dungeon |   1847 |   1797 |     50 |      0 |   1311 |   2 |  923.5 |
               +--------+--------+--------+--------+--------+-----+--------+

Top non-repeatable levels by time:
     D:1: 1285 daAuts
     D:2: 562 daAuts
